 Dungeon Crawl Stone Soup version 0.28.0-53-g5a82cb258f (webtiles) character file.

Game seed: 9275487416505661027

151 snilloc the Conjurer (level 5, -2/28 HPs)
             Began as a Deep Elf Air Elementalist on June 24, 2022.
             Slain by Pargi (4 damage)
             ... in a sewer.
             The game lasted 00:05:41 (2942 turns).

snilloc the Conjurer (Deep Elf Air Elementalist)    Turns: 2942, Time: 00:05:42

Health: -2/28      AC:  4    Str:  5    XL:     5   Next: 10%
Magic:  0/11       EV: 13    Int: 20    God:
Gold:   113        SH:  0    Dex: 17    Spells: 9/10 levels left

rFire   . . .      SeeInvis .   b - +2 quarterstaff (speed)
rCold   . . .      Faith    .   (shield currently unavailable)
rNeg    . . .      Spirit   .   a - +0 robe
rPois   .          Reflect  .   h - +0 helmet
rElec   .          Harm     .   (no cloak)
rCorr   .          Rampage  .   (no gloves)
Will    .....                   d - +0 pair of boots
Stlth   +.........              (no amulet)
HPRegen 0.09/turn               (no ring)
MPRegen 0.12/turn               (no ring)

@: very slow
A: no striking features
a: no special abilities


You were in a sewer.
You visited 1 branch of the dungeon, and saw 3 of its levels.
You also visited: Sewer.

You collected 113 gold pieces.

Inventory:

Hand Weapons
 b - a +2 quarterstaff of speed (weapon)
 c - a +0 dagger
 l - a +0 short sword of electrocution
Armour
 a - a +0 robe (worn)
 d - a +0 pair of boots (worn)
 h - a +0 helmet (worn)
Scrolls
 f - a scroll of vulnerability {unknown}
 i - a scroll of identify {unknown}
Potions
 e - a potion of ambrosia {unknown}
 g - 2 potions of flight {unknown}
 j - a potion of berserk rage {unknown}
 k - a potion of attraction {unknown}
 m - a potion of resistance {unknown}


   Skills:
 + Level 0.4 Fighting
 + Level 0.7 Staves
 + Level 3.4 Dodging
 - Level 2.4 Stealth
 - Level 3.1 Spellcasting
 * Level 4.4 Conjurations
 - Level 3.2 Air Magic


You had 9 spell levels left.
You knew the following spells:

 Your Spells              Type           Power      Damage    Failure   Level
a - Shock                 Conj/Air       72%        1d7       3%          1

Your spell library contained the following spells:

 Spells                   Type           Power      Damage    Failure   Level
 Static Discharge         Conj/Air       18%        N/A       4%          2
 Swiftness                Air            16%        N/A       11%         3
 Animate Skeleton         Necr           6%         N/A       14%         1
 Pain                     Necr           12%        1d4       14%         1
 Airstrike                Air            8%         N/A       36%         4
 Vampiric Draining        Necr           3%         2d6       38%         3


Dungeon Overview and Level Annotations

Branches:
Dungeon (3/15)              Sewer (1/1)

Altars:

Annotations:
Sewer Pargi


Message History

Press: ? - help, Q - select action Shift-Dir - straight line, f/p - Pargi
Aim: Pargi (lightly wounded, 64% to hit)
The zap misses Pargi.
Pargi bites you.
* * * LOW HITPOINT WARNING * * *
Pargi claws you.
* * * LOW HITPOINT WARNING * * *
Pargi claws you but does no damage.
Aiming: Shock (safe; 3% risk of failure)
Press: ? - help, Q - select action Shift-Dir - straight line, f/p - Pargi
Aim: Pargi (lightly wounded, 64% to hit)
The zap hits Pargi.
Pargi is lightly wounded.
Pargi misses you. Pargi claws you.
* * * LOW HITPOINT WARNING * * *
Pargi barely misses you.
Aiming: Shock (safe; 3% risk of failure)
Press: ? - help, Q - select action Shift-Dir - straight line, f/p - Pargi
Aim: Pargi (lightly wounded, 64% to hit)
The zap misses Pargi.
Pargi misses you. Pargi barely misses you. Pargi claws you but does no damage.
Unknown command.
Unknown command.
You don't have enough magic to cast this spell.
You hit Pargi.
Pargi is moderately wounded.
Pargi bites you.
* * * LOW HITPOINT WARNING * * *
Pargi claws you but does no damage. Pargi claws you.
* * * LOW HITPOINT WARNING * * *
Your unstable footing causes you to fumble your attack.
Pargi barely misses you. Pargi claws you but does no damage.
Pargi closely misses you.
Aiming: Shock (safe; 3% risk of failure)
Press: ? - help, Q - select action Shift-Dir - straight line, f/p - Pargi
Aim: Pargi (moderately wounded, 64% to hit)
The zap misses Pargi.
Pargi bites you but does no damage. Pargi claws you but does no damage.
Pargi claws you.
You die...

#.# #≈# ... #≈#
...##≈# ########
....#≈##
###.≈....###
.....≈.#
###..@T≈.....###
.....≈.#
###.≈...####≈≈...#
.....≈.###...≈.###
###≈.≈..#
#####≈......≈.##
#...≈..
.....≈≈###...≈≈#
....## .∩...≈.#
###..≈≈.# .≈##.|
.∩.#.≈.# ###.≈..≈
## $ ...##≈##
##.... #####≈#
####


You could see Pargi.

Vanquished Creatures
  Jessica (D:2)
  Natasha (twice) (D:3)
  An adder (D:2)
  3 dart slugs
  4 ball pythons
  5 endoplasms
  7 giant cockroaches
  6 goblins
  8 hobgoblins
  2 jackals (D:1)
  5 quokkas
  3 bats (D:1)
  2 frilled lizards
  2 kobolds (D:2)
  4 rats
55 creatures vanquished.

Notes
Turn   | Place    | Note
-------+----------+-------------------------------------------
     0 | D:1      | snilloc the Deep Elf Air Elementalist began the quest for
                  | the Orb.
     0 | D:1      | Reached XP level 1. HP: 10/10 MP: 6/6
   505 | D:1      | Reached XP level 2. HP: 15/15 MP: 4/8
   891 | D:1      | Reached skill level 2 in Conjurations
  1030 | D:1      | Reached XP level 3. HP: 19/19 MP: 0/9
  1236 | D:1      | Found a faded altar of an unknown god.
  1916 | D:2      | Noticed Jessica
  1920 | D:2      | Killed Jessica
  1921 | D:2      | Reached skill level 3 in Conjurations
  1921 | D:2      | Reached XP level 4. HP: 24/24 MP: 5/10
  2583 | D:3      | Noticed Natasha
  2587 | D:3      | Killed Natasha
  2635 | D:3      | Reached skill level 4 in Conjurations
  2711 | D:3      | Noticed Natasha
  2717 | D:3      | Killed Natasha
  2718 | D:3      | Reached XP level 5. HP: 28/28 MP: 2/11
  2832 | D:3      | Found a glowing drain.
  2849 | Sewer    | Entered a sewer
  2917 | Sewer    | Noticed Pargi
  2940 | Sewer    | HP: 1/28 [Pargi (1)]
  2942 | Sewer    | Slain by Pargi

Illustrated notes

Levels and vault maps discovered:
D:1:      dpeg_arrival_three_bigger_balls, layout_loops_corners,
          basic_ecumenical_altar, minmay_misc_feat_plants
D:2:      layout_rooms, uniq_jessica
D:3:      layout_basic, kennysheep_ying_yang,
          nicolae_uskayaw_murder_on_the_dancefloor, kennysheep_slug_shrine,
          nicolae_wu_jian_wuxing_cycle, gup_sewer_entry_pipe, uniq_natasha
Sewer:    sewer_the_moccasin

Skill      XL: |  1  2  3  4 |
---------------+-------------+-----
Conjurations   | 2 3 4 |  4.4
Dodging        | 3 |  3.4
Fighting       | |  0.4
Staves         | |  0.7
Stealth        | |  2.4
Spellcasting   | |  3.1
Air Magic      | |  3.2

Action                   |  1- 3 |  4- 6 || total
-------------------------+-------+-------++-------
Melee: Quarterstaff      |    11 |     5 ||    16
 Cast: Shock             |    88 |    65 ||   153
Armor: Robe              |     2 |    12 ||    14
Dodge: Dodged            |    19 |    20 ||    39
